Map: King's Cove LE

Players

GangusKaun - Winner!

  • Race: Protoss Protoss
  • League: Gold
  • Spawn Location: 11:00

ECO

  • Race: Protoss Protoss
  • League: Gold
  • Spawn Location: 5:00

VOD

Have the link to the VOD?

Description

Time

  • Played on: Dec. 1, 2024, 9:18 p.m.
  • Length: 17:03
Show
View Real Time Build Order
Export as new Build Order

GangusKaun Protoss - Winner!

Build Orders:  

Get SALT Encoding   

  12  0:00  Probe  
  13  0:12  Probe  
  14  0:21  Pylon  
  14  0:25  Probe  
  15  0:39  Probe  
  16  0:47  Gateway  
  16  0:51  Probe  
  17  0:57  Assimilator  
  17  1:03  Probe  
  18  1:22  Probe  
  19  1:34  Probe  
  19  1:36  Cybernetics Core  
  20  1:44  Gateway  
  20  1:46  Probe  
  21  1:57  Assimilator  
  21  1:58  Probe  
  22  2:02  Warp Gate, Pylon  
  22  2:10  Probe  
  23  2:17  Stalker  
  25  2:40  Pylon  
  25  2:41  Probe  
  26  2:49  Robotics Facility  
  28  2:58  Zealot  
  28  3:00  Zealot  
  30  3:09  Probe  
  31  3:22  Nexus  
  31  3:26  Pylon  
  32  3:27  Probe  
  32  3:43  Probe  
  33  3:49  Shield Battery  
  34  3:55  Probe  
  34  3:56  Immortal  
  38  4:07  Assimilator, Probe  
  38  4:09  Shield Battery  
  39  4:15  Sentry  
  39  4:16  Sentry  
  43  4:19  Probe  
  44  4:31  Gateway  
  44  4:32  Probe  
  44  4:35  Gateway  
  44  4:37  Probe  
  46  4:44  Probe  
  47  4:51  Immortal  
  47  4:57  Probe x2  
  49  5:09  Stalker  
  49  5:10  Stalker  
  53  5:16  Probe x2  
  53  5:20  Pylon  
  55  5:24  Shield Battery  
  55  5:30  Observer  
  55  5:33  Forge, Probe x2  
  58  5:39  Sentry x2  
  50  6:13  Protoss Ground Weapons Level 1  
  50  6:16  Stalker  
  50  6:17  Stalker x3  
  55  6:18  Observer  
  56  6:30  Immortal  
  60  6:42  Gateway  
  60  6:45  Gateway  
  60  6:47  Shield Battery x2  
  60  6:52  Pylon  
  60  6:53  Probe  
  60  6:54  Probe  
  62  6:56  Assimilator  
  62  7:06  Probe x2  
  64  7:14  Immortal  
  68  7:18  Stalker x4  
  76  7:23  Probe x2  
  78  7:41  Nexus  
  78  7:47  Pylon  
  78  7:51  Pylon  
  78  7:57  Protoss Shields Level 1  
  78  8:05  Observer, Probe x2  
  81  8:12  Zealot x2  
  81  8:13  Zealot x3  
  81  8:17  Probe  
  81  8:18  Probe  
  93  8:34  Nexus  
  93  8:39  Pylon  
  93  8:56  Gateway  
  93  8:57  Probe  
  93  8:58  Shield Battery  
  94  9:05  Pylon  
  94  9:10  Pylon  
  94  9:17  Pylon  
  94  9:18  Pylon  
  94  9:28  Immortal, Probe x2  
  100  9:35  Pylon  
  100  9:37  Twilight Council  
  100  9:38  Pylon  
  100  9:39  Stargate  
  100  9:40  Probe x2  
  102  9:46  Zealot x4  
  102  9:52  Probe x2  
  112  9:53  Protoss Ground Armor Level 1  
  112  9:55  Probe  
  113  10:04  Probe x2  
  113  10:05  Shield Battery  
  115  10:07  Probe, Shield Battery  
  115  10:08  Shield Battery  
  116  10:16  Probe x2  
  116  10:19  Probe  
  116  10:20  Assimilator  
  119  10:26  Assimilator  
  119  10:29  Photon Cannon  
  119  10:33  Photon Cannon  
  119  10:36  Photon Cannon  
  119  10:39  Photon Cannon  
  119  10:45  Photon Cannon  
  119  10:56  Stargate  
  119  11:01  Fleet Beacon  
  119  11:14  Nexus  
  119  11:16  Pylon  
  119  11:19  Immortal, Blink  
  119  11:20  Pylon  
  123  11:36  Templar Archives  
  123  11:50  Protoss Ground Weapons Level 2  
  123  11:55  Pylon  
  123  11:58  Shield Battery  
  123  11:59  Shield Battery  
  123  12:09  Immortal  
  123  12:11  Protoss Air Weapons Level 1  
  123  12:13  Tempest  
  123  12:15  Tempest  
  135  12:17  Psionic Storm  
  135  12:22  High Templar x7  
  149  12:27  Archon  
  149  12:28  Archon  
  149  12:44  Assimilator  
  149  12:48  Assimilator, Observer  
  149  12:50  Shield Battery  
  150  12:51  Shield Battery  
  150  12:54  Probe x2  
  150  12:55  Shield Battery  
  150  12:56  Stalker x6  
  150  12:57  Photon Cannon, Shield Battery, Stalker  
  166  13:10  Charge  
  166  13:13  Tempest  
  166  13:14  Tempest  
  166  13:15  Immortal  
  178  13:28  Robotics Facility  
  178  13:31  Pylon  
  178  13:33  Pylon  
  178  13:35  Pylon  
  178  13:38  Unknown  
  186  13:45  Mothership  
  186  13:54  Probe x2  
  188  13:56  Tempest x2  
  196  14:04  Observer  
  137  14:43  Pylon  
  137  14:45  Pylon  
  119  15:11  Immortal  
  119  15:27  Zealot  
  119  15:28  Zealot x6  
  133  15:38  Probe x2  
  135  15:44  Tempest x2  
  143  15:50  Immortal  
  143  16:10  Immortal  
  147  16:15  Stalker x7  
Show
View Real Time Build Order
Export as new Build Order

ECO Protoss 

Build Orders: Dark Templar Rush 

Get SALT Encoding   

  12  0:00  Probe  
  13  0:13  Pylon  
  13  0:21  Probe  
  14  0:29  Probe  
  14  0:35  Gateway  
  15  0:39  Probe  
  16  0:48  Assimilator  
  16  0:53  Assimilator  
  16  0:56  Probe  
  17  1:08  Probe  
  18  1:20  Probe  
  19  1:32  Probe  
  20  1:35  Cybernetics Core  
  20  1:44  Probe  
  21  1:56  Probe  
  22  2:05  Pylon  
  22  2:07  Probe  
  22  2:09  Pylon  
  22  2:12  Twilight Council  
  22  2:14  Pylon  
  23  2:19  Probe  
  24  2:32  Warp Gate  
  24  2:33  Gateway  
  24  2:47  Gateway  
  24  2:54  Dark Shrine  
  24  3:00  Charge  
  24  3:22  Zealot x2  
  28  3:29  Robotics Facility  
  30  3:34  Zealot  
  30  4:02  Nexus  
  30  4:20  Dark Templar  
  30  4:21  Dark Templar x2  
  30  4:23  Observer  
  37  4:27  Probe  
  38  4:39  Probe  
  38  4:41  Observer  
  40  4:51  Probe  
  41  4:56  Stalker x3  
  47  5:14  Pylon  
  47  5:16  Probe  
  47  5:17  Pylon  
  47  5:18  Assimilator  
  47  5:19  Probe  
  49  5:30  Blink  
  49  5:43  Assimilator  
  49  5:47  Gateway, Shield Battery  
  37  6:20  Stalker x3  
  37  6:24  Immortal  
  47  6:29  Robotics Facility  
  47  6:33  Probe  
  47  6:34  Probe  
  49  6:45  Probe x2  
  51  6:50  Gateway  
  51  6:52  Gateway  
  51  6:53  Probe x2  
  53  7:01  Probe  
  53  7:07  Robotics Bay  
  54  7:09  Zealot  
  54  7:10  Zealot  
  54  7:14  Probe  
  54  7:15  Probe  
  60  7:26  Probe  
  60  7:27  Probe  
  62  7:45  Nexus  
  62  7:48  Pylon  
  62  7:50  Stalker  
  62  7:51  Assimilator  
  64  7:56  Assimilator  
  64  8:04  Colossus  
  70  8:13  Immortal  
  74  8:32  Probe  
  74  8:33  Probe  
  74  8:40  Probe  
  74  8:41  Probe, Extended Thermal Lance  
  78  8:50  Probe x2  
  80  8:57  Probe  
  80  9:02  Probe x2  
  83  9:05  Probe  
  83  9:09  Templar Archives  
  84  9:12  Pylon  
  84  9:14  Probe x3  
  84  9:15  Pylon  
  87  9:19  Shield Battery  
  87  9:21  Shield Battery  
  87  9:23  Pylon  
  87  9:26  Probe x3, Pylon  
  90  9:34  Stalker x2  
  90  9:36  Zealot  
  96  9:49  Stargate  
  96  9:50  Stargate  
  96  10:01  Zealot x3  
  96  10:02  Zealot x2  
  106  10:11  Stalker  
  106  10:12  Colossus  
  108  10:14  Immortal  
  118  10:28  Forge  
  104  10:42  Psionic Storm  
  104  10:44  Stalker x4  
  104  10:45  Stalker  
  114  10:57  High Templar  
  114  11:01  Probe x2  
  114  11:04  Probe  
  117  11:09  Probe x2  
  119  11:15  High Templar x2  
  119  11:16  Probe, High Templar x3  
  132  11:18  Probe  
  133  11:29  Nexus  
  133  11:31  Pylon  
  133  11:34  Pylon, Protoss Ground Weapons Level 1  
  133  11:38  Assimilator  
  133  11:40  Assimilator  
  133  11:49  Probe  
  133  11:52  Forge  
  138  11:55  Void Ray  
  138  12:11  Cybernetics Core  
  138  12:13  Probe  
  138  12:14  Probe  
  138  12:15  Probe  
  138  12:18  Stargate  
  138  12:19  Protoss Shields Level 1  
  138  12:20  Forge  
  138  12:21  Fleet Beacon  
  138  12:22  Probe  
  142  12:40  Void Ray  
  142  12:42  Void Ray  
  150  12:46  Probe  
  150  12:49  Probe, Protoss Air Weapons Level 1  
  150  12:50  Probe x2  
  154  12:54  Probe  
  154  12:58  Tempest  
  154  13:01  Probe  
  154  13:02  Probe x2  
  154  13:05  Protoss Ground Armor Level 1  
  162  13:25  Pylon  
  162  13:29  Pylon  
  162  13:32  Pylon  
  162  13:36  Colossus  
  162  13:37  Colossus  
  162  13:39  Pylon x2  
  162  13:42  Protoss Ground Weapons Level 2, Pylon  
  162  13:43  Tempest  
  162  13:45  Pylon  
  162  13:47  Pylon  
  120  14:30  Stalker x4  
  120  14:31  Stalker x2  
  96  14:53  Unknown  
  96  14:55  Stalker x3  
  96  14:56  Stalker x3  
  90  15:01  Void Ray  
  90  15:04  Void Ray  
  90  15:05  Void Ray  
  86  15:19  Dark Templar x2  
  82  15:36  Void Ray, Stalker x3  
  82  15:37  Stalker  
  102  15:43  Void Ray  
  102  15:48  Void Ray  
  82  16:10  Void Ray  
  71  16:15  Stalker  
  71  16:16  Stalker x5  
  76  16:20  Void Ray  
Tags
 
League
GoldGold
Matchup
PvP
Spawn Locations
Cross Positions
Add a new tag
Caveats
  • Supply blocks, unpowered buildings, or Contaminate may cause inaccurate times.
  • Supply counts are checked every 10 seconds.